 Dungeon Crawl Stone Soup version 0.30-a0-718-geaa24f58ff (webtiles) character file.

Game seed: 3472303953588206905

3052 funkygono the Arsonist (level 9, -1/47 HPs)
             Began as a Gargoyle Fire Elementalist on Jan 24, 2023.
             Was a Follower of Vehumet.
             Slain by an orc warrior
             ... wielding a +0 glaive
              (6 damage)
             ... in a bailey on Jan 25, 2023.
             The game lasted 00:12:28 (8410 turns).

funkygono the Arsonist (Gargoyle Fire Elementalist) Turns: 8410, Time: 00:12:28

Health: -1/47      AC: 12    Str: 12    XL:     9   Next: 87%
Magic:  15/20      EV: 12    Int: 20    God:    Vehumet [*.....]
Gold:   334        SH:  0    Dex: 10    Spells: 9/23 levels left

rFire   . . .      SeeInvis .    v - +2 mace
rCold   . . .      Faith    .    (no shield)
rNeg    + . .      Spirit   .    a - +0 robe
rPois   ∞          Reflect  .    y - +1 helmet
rElec   +          Harm     .    (no cloak)
rCorr   .          Rampage  .    i - +0 pair of gloves
Will    .....                    w - +0 pair of boots
Stlth   +                        z - amulet of the acrobat
HPRegen 0.27/turn                (no ring)
MPRegen 0.17/turn                (no ring)

@: very slow
A: sickness immunity, AC +6, negative energy resistance 1, electricity
resistance, torment resistance 1, petrification resistance
a: Renounce Religion


You were in a bailey.
You worshipped Vehumet.
Vehumet was aware of your devotion.
You visited 1 branch of the dungeon, and saw 7 of its levels.
You also visited: Bailey.

You collected 334 gold pieces.

Inventory:

Hand Weapons
 c - a +1 whip of freezing
 l - a +1 dire flail of draining
 o - a +0 whip
 v - a +2 mace (weapon)
Armour
 a - a +0 robe (worn)
 i - a +0 pair of gloves (worn)
 w - a +0 pair of boots (worn)
 y - a +1 helmet (worn)
Jewellery
 z - an amulet of the acrobat (around neck)
Wands
 k - a wand of flame (52)
 m - a wand of light (11)
 s - a wand of polymorph (10)
 t - a wand of roots (8)
Scrolls
 f - 2 scrolls of fog
 p - 4 scrolls of teleportation
Potions
 b - 2 potions of magic
 d - 4 potions of haste
 e - 2 potions of cancellation
 g - a potion of heal wounds
 h - 3 potions of resistance
 j - a potion of flight
 n - a potion of curing {unknown}
 q - 7 potions of degeneration
 r - 2 potions of berserk rage
 u - a potion of mutation {unknown}


   Skills:
 + Level 1.3 Fighting
 + Level 0.9 Maces & Flails
 + Level 3.2 Dodging
 - Level 2.1 Stealth
 + Level 7.6 Spellcasting
 + Level 5.2 Conjurations
 + Level 8.1 Fire Magic
 * Level 4.3 Poison Magic


You had 9 spell levels left.
You knew the following spells:

 Your Spells              Type           Power      Damage    Failure   Level
a - Foxfire               Conj/Fire      100%       2x1d9     1%          1
b - Scorch                Fire           80%        2d9       1%          2
c - Kindle Blastsparks    Fire/Tloc/Air  36%        2d13      9%          3
d - Flame Wave            Conj/Fire      34%        2d10      5%          4
e - Olgreb's Toxic Radia  Pois           24%        N/A       16%         4

Your spell library contained the following spells:

 Spells                   Type           Power      Damage    Failure   Level
 Kiss of Death            Conj/Necr      72%        2d10      3%          1
 Sting                    Tmut/Pois      64%        1d6       3%          1
 Inner Flame              Hex/Fire       23%        N/A       4%          3
 Poisonous Vapours        Pois/Air       32%        N/A       5%          2
 Slow                     Hex            28%        N/A       9%          1
 Confusing Touch          Hex            7%         N/A       26%         3
 Portal Projectile        Hex/Tloc       14%        N/A       26%         3
 Tukima's Dance           Hex            7%         N/A       26%         3
 Vampiric Draining        Necr           7%         2d6       26%         3
 Vhi's Electric Charge    Tloc/Air       14%        N/A       26%         3
 Arcjolt                  Conj/Air       9%         1d19      63%         5
 Blade Hands              Tmut           3%         N/A       94%         5
 Maxwell's Capacitive Co  Air            3%         ∞         100%        8


Dungeon Overview and Level Annotations

Branches:
Dungeon (7/15)             Temple (0/1) D:6          Bailey (1/1)

Altars:
Fedhas
Kikubaaqudgha
Sif Muna
Vehumet
Wu Jian
Yredelemnul
Zin


Innate Abilities, Weirdness & Mutations

You are immune to sickness and miasma.
Your stone body is resilient. (AC +6)
You are immune to poison.
You resist negative energy. (rN+)
You are resistant to electric shocks. (rElec)
You are resistant to unholy torment.
You are immune to petrification.


Message History

Moving in this stuff is going to be slow.
Unknown command.
You open the door.
An orc warrior comes into view. It is wielding a +0 glaive.
The orc warrior shouts!
The orc warrior hits you from afar with a +0 glaive!!
The orc warrior completely misses you.
Casting: Foxfire (safe; 1% risk of failure)
Confirm with . or Enter, or press ? or * to list all spells.
You conjure some foxfire!
The orc warrior hits you from afar with a +0 glaive!
Casting: Foxfire (safe; 1% risk of failure)
Confirm with . or Enter, or press ? or * to list all spells.
Flames lash the orc warrior.
The orc warrior is lightly wounded.
The orc warrior's fire resistance burns away.
The foxfire hits the orc warrior but does no damage.
The orc warrior is lightly wounded.
The orc warrior hits you from afar with a +0 glaive.
Unknown command.
The foxfire hits the orc warrior but does no damage.
The orc warrior is lightly wounded.
The orc warrior is no longer more vulnerable to fire.
Casting: Scorch (safe; 1% risk of failure)
Confirm with . or Enter, or press ? or * to list all spells.
You conjure some foxfire!
The orc warrior hits you from afar with a +0 glaive!
* * * LOW HITPOINT WARNING * * *
Casting: Foxfire (safe; 1% risk of failure)
Confirm with . or Enter, or press ? or * to list all spells.
Flames lash the orc warrior.
The orc warrior is heavily wounded.
The orc warrior's fire resistance burns away.
The foxfire hits the orc warrior but does no damage.
The orc warrior is heavily wounded.
The foxfire hits the orc warrior but does no damage.
The orc warrior is heavily wounded.
The orc warrior is engulfed in a cloud of scalding steam.
The orc warrior hits you from afar with a +0 glaive.
You die...

~~~~~#~~## ##~~#~~~~~~~~.....#
~~~~ #~## ##~##~~~~~~~.....#
~~~~ #~+ +~##~~~~~~~.....# ~~~~
#~# ###~##~~~~~~~.....# ~~~~ #~+
#.'~##~~~~~~~.....# ~~~~ #~##
##~##~~~~~~~.....# ~~~~ #~~##
#~o##~~~~~~~.....# ~~~~
##~~#+++##~~~~~~~~~~~.....# ~~~~
##~~~~~##~@§~~~~~~~~.....#
)≈≈≈~~~##~~~~##~§~~≈≈≈~≈≈~.....#
)##≈~~~~#######~~~~≈##.#≈≈.....
.∩#≈~~~~~~~~~~~~~~~≈#∩.##≈....
...~~~~~~~~~~~~~~~~))... ≈...
.##≈~~~~~~~~~~~~~~~≈##.## ..
##≈≈~~~~~~~~~~~~~~~≈≈###
≈≈≈~~~~~~~~~~~~~~~~~≈≈≈
........................


You could see an orc warrior (combustible).

Vanquished Creatures
  Pikel (D:7)
  A hornet (D:6)
  Prince Ribbit (D:7)
  Edmund (D:6)
  A sky beast (D:5)
  3 orc warriors (Bailey)
  2 black bears
  An ice beast (D:5)
  An ogre (D:4)
  2 lemures (D:7)
  A phantom (D:5)
  3 bullfrogs
  2 necrophages
  5 wights (D:7)
  A vampire bat (D:4)
  2 hounds
  4 jellies
  2 orc priests
  An iguana (D:5)
  3 orc wizards
  Natasha (thrice) (D:3)
  5 adders
  2 gnolls (D:7)
  A shadow imp (D:6)
  2 white imps
  2 ufetubi
  A worm (D:2)
  2 dart slugs (D:1)
  24 orcs
  4 ball pythons
  10 bats
  6 endoplasms
  6 giant cockroaches
  7 goblins
  11 hobgoblins
  2 jackals (D:1)
  4 kobolds
  A quokka (D:3)
  A frilled lizard (D:2)
  4 rats
136 creatures vanquished.

Vanquished Creatures (collateral kills)
  A foxfire (D:7)
1 creature vanquished.

Vanquished Creatures (others)
  A human (D:6)
  An orc wizard (D:7)
  454 foxfires
  A fungus (D:7)
457 creatures vanquished.

Grand Total: 594 creatures vanquished

Notes
Turn   | Place    | Note
-------+----------+-------------------------------------------
     0 | D:1      | funkygono the Gargoyle Fire Elementalist began the quest
                  | for the Orb.
     0 | D:1      | Reached XP level 1. HP: 10/10 MP: 3/3
   320 | D:1      | Reached XP level 2. HP: 15/15 MP: 0/5
   323 | D:1      | Learned a level 2 spell: Scorch
  1149 | D:2      | Found a faded altar of an unknown god.
  1167 | D:2      | Reached XP level 3. HP: 7/19 MP: 0/6
  1171 | D:2      | Learned a level 3 spell: Kindle Blastsparks
  2216 | D:3      | Found a basalt altar of Yredelemnul.
  2621 | D:3      | Noticed Natasha
  2626 | D:3      | Killed Natasha
  2627 | D:3      | Reached XP level 4. HP: 24/24 MP: 1/8
  2743 | D:3      | Found a shimmering blue altar of Sif Muna.
  3159 | D:3      | Noticed Natasha
  3165 | D:3      | Killed Natasha
  3166 | D:3      | Reached skill level 4 in Fire Magic
  3425 | D:3      | Noticed Natasha
  3430 | D:3      | Killed Natasha
  3431 | D:3      | Reached XP level 5. HP: 17/28 MP: 2/9
  3524 | D:4      | Noticed a black bear
  3534 | D:3      | Killed a black bear
  3535 | D:3      | Reached XP level 6. HP: 9/33 MP: 0/11
  3986 | D:4      | Learned a level 4 spell: Flame Wave
  4036 | D:4      | Reached skill level 1 in Fighting
  4036 | D:4      | Reached skill level 5 in Fire Magic
  4036 | D:4      | Reached XP level 7. HP: 38/38 MP: 6/13
  4397 | D:4      | Found a glowing silver altar of Zin.
  4756 | D:5      | Entered Level 5 of the Dungeon
  4927 | D:5      | Upgraded the game from 0.30-a0-715-gdb4ae3ece1 to
                  | 0.30-a0-718-geaa24f58ff
  5002 | D:5      | Learned a level 4 spell: Olgreb's Toxic Radiance
  5066 | D:5      | Reached XP level 8. HP: 43/43 MP: 7/15
  5128 | D:5      | Reached skill level 5 in Spellcasting
  5180 | D:5      | Reached skill level 1 in Poison Magic
  5257 | D:5      | Reached skill level 6 in Fire Magic
  5491 | D:5      | Found a radiant altar of Vehumet.
  5527 | D:5      | Became a worshipper of Vehumet
  5556 | D:5      | Found a blossoming altar of Fedhas.
  5904 | D:6      | Found a staircase to the Ecumenical Temple.
  6467 | D:6      | Noticed a hornet
  6474 | D:6      | Killed a hornet
  6833 | D:6      | Noticed Edmund
  6845 | D:6      | Killed Edmund
  7343 | D:6      | Found an ancient bone altar of Kikubaaqudgha.
  7455 | D:7      | Found an ornate altar of the Wu Jian Council.
  7468 | D:7      | Noticed Pikel
  7507 | D:6      | Reached XP level 9. HP: 32/47 MP: 1/18
  7620 | D:7      | Killed Pikel
  7621 | D:7      | Reached skill level 7 in Fire Magic
  7863 | D:7      | Found a flagged portal.
  7863 | D:7      | Noticed Prince Ribbit
  7872 | D:7      | Killed Prince Ribbit
  7872 | D:7      | Reached * piety under Vehumet
  7872 | D:7      | Offered knowledge of Kiss of Death by Vehumet.
  7874 | D:7      | Reached skill level 5 in Conjurations
  7976 | Bailey   | Entered a bailey
  8263 | Bailey   | Reached skill level 8 in Fire Magic
  8410 | Bailey   | Slain by an orc warrior

Illustrated notes

Levels and vault maps discovered:
D:1:      dpeg_arrival_castle, layout_basic, minmay_misc_feat_tower
D:2:      layout_basic, hellmonk_ecumenical_altar_run_dry
D:3:      layout_basic, nicolae_sif_muna_little_library,
          mainiacjoe_overflow_boulevard, grunt_ministairs_8, st_stairs_13,
          uniq_natasha
D:4:      layout_rooms, zin_statuary, roderic_batcave,
          minmay_goblin_kobold_house
D:5:      layout_cave_pools, vehumet_altar_wand_db, fedhas_altar_4,
          chequers_arboretum, kennysheep_minor_cross
D:6:      layout_layer_cave, tgw_kikubaaqudgha, minmay_temple_entry_offerings,
          minmay_misc_feat_square, uniq_edmund
D:7:      layout_rooms, mainiacjoe_overflow_tiny_flanked, enter_bailey_7,
          chequers_serial_rivers_room_b, uniq_prince_ribbit1, uniq_pikel
Bailey:   bailey_polearm_2, bailey

Skill      XL: |  1  2  3  4  5  6  7  8  9 |
---------------+----------------------------+-----
Spellcasting   | 3 4 6 7 |  7.6
Conjurations   | 2 3 4 5 |  5.2
Fire Magic     | 4 5 6 8 |  8.1
Dodging        | 2 3 |  3.2
Fighting       | 1 |  1.3
Poison Magic   | 2 4 |  4.3
Maces & Flails | |  0.9
Stealth        | |  2.1

Action                     |  1- 3 |  4- 6 |  7- 9 || total
---------------------------+-------+-------+-------++-------
  Melee: Club              |    14 |       |       ||    14
         Whip              |       |    14 |    11 ||    25
   Cast: Foxfire           |    51 |    50 |   169 ||   270
         Scorch            |     8 |     9 |    43 ||    60
         Flame Wave        |       |       |     4 ||     4
    Use: Scroll            |       |       |    14 ||    14
 Armour: Robe              |     5 |    28 |    56 ||    89
  Dodge: Dodged            |    19 |    30 |    92 ||   141

Table legend: (Time is in decaauts)
 A = Elapsed time spent in this place.
 B = Non-inter-level travel time spent in this place.
 C = Inter-level travel time spent in this place.
 D = Time resting spent in this place.
 E = Time spent auto-exploring this place.
 F = Levels seen in this place.
 G = Mean time per level.
                   A        B        C        D        E       F      G
               +--------+--------+--------+--------+--------+-----+--------+
         Total |   8479 |   8343 |    136 |    713 |   6108 |   8 | 1059.9 |
       Dungeon |   7991 |   7855 |    136 |    529 |   6108 |   7 | 1141.6 |
        Bailey |    487 |    487 |      0 |    184 |      0 |   1 |  487.0 |
               +--------+--------+--------+--------+--------+-----+--------+

Top non-repeatable levels by time:
     D:3: 1614 daAuts
     D:6: 1406 daAuts
     D:5: 1325 daAuts
     D:1: 1152 daAuts
     D:2: 1047 daAuts
     D:4: 953 daAuts
     D:7: 492 daAuts
  Bailey: 487 daAuts
